Map: Ruiny Serasu

Players

Shiek

  • Race: Terran Terran
  • League: Grandmaster

Geralt (Gerald) - Winner!

  • Race: Protoss Protoss
  • League: Master

VOD

Have the link to the VOD?

Description

Time

  • Played on: Feb. 14, 2016, 9:55 a.m.
  • Length: 14:18
Show
View Real Time Build Order
Export as new Build Order

Shiek Terran 

Build Orders: MMM Bio 

Get SALT Encoding   

  12  0:01  SCV  
  13  0:13  SCV  
  14  0:17  Supply Depot  
  14  0:25  SCV  
  15  0:39  SCV  
  15  0:41  Barracks  
  16  0:45  Refinery  
  16  0:51  SCV  
  17  1:03  SCV  
  18  1:15  SCV  
  19  1:29  Barracks Reactor, Orbital Command  
  19  1:45  Command Center  
  19  1:54  SCV  
  20  2:01  Supply Depot  
  20  2:07  SCV, Marine x2  
  23  2:16  Factory  
  23  2:23  SCV  
  23  2:25  Marine x2  
  26  2:31  Refinery  
  26  2:35  SCV  
  27  2:43  Marine x2  
  29  2:47  SCV  
  30  2:59  Orbital Command  
  30  3:00  SCV  
  30  3:01  Factory Tech Lab  
  31  3:05  Starport  
  31  3:11  Marine x2  
  33  3:13  SCV  
  34  3:22  Cyclone  
  34  3:25  SCV  
  38  3:29  Marine  
  39  3:37  Supply Depot  
  39  3:38  SCV x2  
  41  3:44  Medivac  
  41  3:48  Marine  
  43  3:49  Supply Depot, Marine  
  43  3:52  SCV  
  46  3:59  SCV  
  47  4:05  SCV  
  45  4:10  Marine  
  45  4:11  SCV, Marine  
  45  4:12  Engineering Bay  
  45  4:16  Cyclone  
  51  4:22  SCV  
  51  4:23  SCV  
  51  4:32  Medivac  
  51  4:33  Marine x2  
  51  4:34  SCV  
  51  4:35  SCV  
  51  4:36  Supply Depot x2  
  51  4:38  Missile Turret  
  57  4:40  Missile Turret  
  57  4:48  Barracks  
  57  4:54  SCV  
  57  4:55  Barracks  
  57  4:58  Marine x2  
  60  5:02  SCV  
  60  5:05  Factory Tech Lab  
  61  5:07  Liberator  
  61  5:10  Refinery x2  
  61  5:15  SCV x2  
  63  5:24  Marine x2  
  68  5:31  Factory Reactor  
  68  5:33  SCV  
  68  5:34  SCV, Supply Depot  
  70  5:45  Barracks  
  70  5:46  Terran Infantry Weapons Level 1, Barracks  
  70  5:50  SCV x2  
  72  5:57  Marauder x2  
  72  5:58  Stimpack  
  72  6:03  Marine x2  
  78  6:06  SCV  
  78  6:07  Supply Depot  
  67  6:27  Marauder x2  
  67  6:30  SCV x2  
  69  6:34  Command Center, Combat Shields  
  69  6:35  Medivac x2  
  69  6:38  Barracks Reactor  
  69  6:39  Barracks Tech Lab  
  70  6:42  Barracks Reactor  
  70  6:44  Barracks Reactor  
  70  6:47  SCV x2  
  70  6:49  Missile Turret  
  70  6:50  Marine x4  
  74  7:07  Marine  
  74  7:08  Marine, Medivac x2  
  78  7:09  Marine x2  
  78  7:13  SCV x2, Armory  
  84  7:19  Supply Depot, Marine x2  
  84  7:20  Supply Depot  
  86  7:23  Marine x2  
  86  7:25  Marine x2  
  90  7:36  Marine x2  
  93  7:38  Marine x2, Medivac x2  
  98  7:46  Barracks  
  98  7:47  Barracks  
  98  7:48  SCV x2  
  98  7:49  Marine x2, Barracks  
  102  7:58  Terran Infantry Armor Level 1  
  102  8:04  SCV x2  
  104  8:08  Orbital Command  
  104  8:09  Refinery  
  104  8:10  Refinery  
  103  8:20  Missile Turret  
  103  8:22  SCV x2, Missile Turret  
  103  8:24  Marine x4  
  109  8:28  Engineering Bay  
  109  8:32  Ghost Academy  
  109  8:33  SCV  
  111  8:34  SCV x2  
  112  8:41  Medivac x2  
  116  8:48  SCV x2  
  116  8:51  SCV  
  116  8:55  Barracks Tech Lab x2  
  118  8:56  Supply Depot x2, Barracks Reactor  
  118  8:58  Marine x2  
  118  8:59  Marine  
  118  9:01  Terran Infantry Weapons Level 2  
  119  9:06  SCV, Supply Depot x2  
  119  9:07  SCV  
  120  9:11  Medivac  
  122  9:19  Ghost  
  122  9:20  Ghost x2  
  122  9:23  Ghost  
  130  9:29  Supply Depot  
  130  9:30  Supply Depot  
  130  9:33  Medivac  
  130  9:36  Marine x6  
  138  9:41  Medivac  
  139  9:48  Ghost x2  
  139  9:49  Marauder  
  143  9:54  Supply Depot x2  
  143  9:55  Marauder  
  143  9:56  Marine x2  
  143  9:59  Terran Infantry Armor Level 2  
  147  10:08  Missile Turret  
  147  10:12  Missile Turret  
  147  10:14  Marine  
  147  10:15  Missile Turret, Marauder, Marine x3  
  147  10:17  Missile Turret  
  152  10:28  Marauder, Marine  
  137  10:31  Marauder x2, Marine  
  137  10:33  SCV, Marine x2  
  137  10:35  SCV, Marine  
  117  10:36  Marauder  
  117  10:40  Marine  
  117  10:41  Marine  
  102  10:43  Marine  
  102  10:46  SCV  
  102  10:49  Marauder  
  94  10:54  SCV x2  
  96  10:58  SCV  
  96  11:02  Marauder, Marine x2  
  100  11:06  SCV, Marine  
  100  11:07  SCV, Marauder  
  92  11:13  SCV  
  86  11:18  SCV  
  86  11:22  Marine x2  
  86  11:23  Marine  
  86  11:24  Marauder x2, SCV, Marine x3  
  86  11:25  SCV, Marine  
  92  11:28  Medivac  
  92  11:30  SCV  
  96  11:37  Medivac  
  96  11:39  Terran Infantry Weapons Level 3  
  98  11:43  SCV x2, Marine  
  98  11:44  Marauder  
  103  11:48  Ghost  
  103  11:49  Marine  
  103  11:50  Marine  
  107  11:56  Marine  
  107  11:57  Marauder x2, Marine  
  107  11:58  SCV x2, Medivac  
  117  12:05  Marine x2  
  117  12:06  Marauder  
  117  12:07  Medivac  
  123  12:11  Marine  
  123  12:15  Marine  
  124  12:17  Marauder  
  124  12:18  Marauder x2  
  130  12:25  Marine x3  
  130  12:27  Marauder  
  135  12:36  Marine x2  
  136  12:37  SCV  
  136  12:39  Marauder  
  136  12:46  Medivac x2  
  136  12:47  Marauder x2, Marine x4  
  136  12:48  Marauder  
  144  12:53  Marine x2  
  146  12:59  Marine  
  146  13:00  Marauder  
  149  13:09  Marauder x2, Marine  
  149  13:10  Marauder  
  156  13:12  Marine  
  156  13:19  Orbital Command  
  154  13:21  Marauder  
  154  13:24  Marine x2  
  158  13:29  Ghost  
  158  13:30  Marauder  
  161  13:38  Marine  
  161  13:39  Marauder  
  135  14:02  SCV  
Show
View Real Time Build Order
Export as new Build Order

Geralt Protoss - Winner!

Build Orders: 1 Gate Expand, Oracle Opening, Phoenix Opening 

Get SALT Encoding   

  12  0:01  Probe (Chrono Boost)  
  13  0:11  Probe (Chrono Boost)  
  14  0:19  Pylon  
  14  0:23  Probe (Chrono Boost)  
  15  0:37  Probe (Chrono Boost)  
  15  0:41  Gateway  
  16  0:47  Probe (Chrono Boost)  
  17  0:51  Assimilator  
  17  0:58  Probe (Chrono Boost)  
  18  1:08  Probe (Chrono Boost)  
  19  1:19  Probe (Chrono Boost)  
  20  1:29  Probe (Chrono Boost)  
  20  1:30  Cybernetics Core  
  21  1:40  Nexus  
  21  1:47  Assimilator  
  21  1:48  Probe (Chrono Boost)  
  22  1:55  Pylon  
  22  1:59  Probe (Chrono Boost)  
  23  2:13  Probe  
  23  2:14  Adept (Chrono Boost)  
  26  2:21  Stargate  
  26  2:25  Probe  
  29  2:37  Adept (Chrono Boost), Pylon  
  29  2:41  Probe  
  30  2:50  Probe  
  30  2:53  Probe  
  32  3:00  Adept (Chrono Boost)  
  32  3:03  Mothership Core  
  35  3:05  Probe  
  38  3:19  Probe  
  39  3:21  Oracle (Chrono Boost)  
  39  3:22  Probe  
  41  3:31  Probe  
  41  3:33  Adept, Probe  
  43  3:43  Probe x2  
  43  3:46  Pylon  
  45  3:49  Assimilator  
  45  3:52  Phoenix (Chrono Boost)  
  45  3:55  Probe x2  
  48  4:00  Adept  
  51  4:07  Probe x2  
  50  4:16  Phoenix (Chrono Boost)  
  52  4:17  Probe  
  52  4:19  Probe  
  54  4:28  Probe  
  53  4:31  Probe  
  53  4:36  Robotics Facility  
  53  4:38  Assimilator, Probe, Phoenix (Chrono Boost)  
  54  4:43  Probe  
  54  4:45  Warp Gate  
  56  4:46  Zealot  
  56  4:49  Forge, Probe  
  59  4:55  Probe  
  59  4:58  Pylon  
  62  5:00  Phoenix (Chrono Boost)  
  62  5:05  Pylon  
  62  5:06  Pylon  
  62  5:11  Twilight Council  
  62  5:18  Probe  
  63  5:21  Phoenix (Chrono Boost)  
  65  5:29  Gateway  
  65  5:30  Immortal, Gateway  
  69  5:37  Protoss Ground Armor Level 1 (Chrono Boost)  
  69  5:43  Probe  
  69  5:44  Phoenix  
  71  5:57  Charge  
  71  6:01  Probe  
  72  6:04  Pylon  
  72  6:05  Pylon  
  66  6:32  Probe x2  
  66  6:34  Immortal  
  66  6:36  Gateway  
  66  6:38  Phoenix, Gateway  
  72  6:44  Probe  
  72  6:46  Templar Archives  
  73  6:50  Nexus  
  73  6:58  Pylon  
  73  7:03  Phoenix  
  73  7:08  Protoss Ground Armor Level 2 (Chrono Boost), Probe, Zealot x3  
  81  7:09  Immortal  
  86  7:16  Psionic Storm  
  86  7:17  Photon Cannon  
  86  7:19  Probe  
  87  7:36  Zealot x4  
  95  7:37  Probe  
  96  7:44  High Templar  
  96  7:45  Assimilator  
  98  7:52  Probe  
  98  7:54  Phoenix  
  101  8:02  Immortal  
  105  8:17  High Templar, Zealot  
  105  8:18  Zealot  
  105  8:19  Assimilator  
  111  8:21  Probe x2  
  111  8:22  Probe  
  111  8:26  Gateway  
  114  8:27  Gateway  
  114  8:33  Gateway  
  114  8:34  Probe  
  115  8:35  Pylon, Probe  
  115  8:39  Pylon, Probe  
  117  8:42  Pylon  
  117  8:46  Pylon  
  117  8:56  Zealot  
  117  8:57  Zealot x3  
  117  8:58  Pylon  
  125  9:03  Pylon  
  125  9:04  Phoenix  
  125  9:05  Immortal  
  125  9:06  Protoss Ground Armor Level 3  
  131  9:10  High Templar  
  133  9:22  Zealot  
  133  9:23  Zealot x3  
  141  9:34  High Templar x3  
  147  9:41  Nexus  
  147  9:49  Pylon  
  147  9:54  Stalker x4  
  155  10:03  Robotics Bay  
  155  10:15  Zealot x2  
  155  10:16  Zealot x2  
  155  10:17  High Templar x3  
  147  10:32  Archon  
  147  10:34  Archon  
  147  10:35  Archon  
  99  10:50  Zealot x5  
  99  10:51  Zealot x3  
  99  10:54  Phoenix  
  113  11:09  Archon  
  89  11:23  High Templar x2, Mothership Core  
  89  11:24  Zealot x6  
  89  11:25  Colossus, Probe  
  106  11:28  Protoss Ground Weapons Level 1  
  106  11:30  Probe, Phoenix  
  115  11:33  Robotics Facility  
  115  11:34  Probe  
  115  11:38  Extended Thermal Lance (Chrono Boost)  
  116  11:43  Probe  
  117  11:47  Photon Cannon  
  117  11:51  Assimilator  
  117  11:53  Assimilator  
  117  11:54  Blink  
  117  11:56  High Templar  
  117  11:57  Zealot x6  
  133  12:06  Probe  
  134  12:11  Probe  
  131  12:23  Probe  
  131  12:28  Colossus (Chrono Boost)  
  138  12:32  Templar Archives  
  138  12:34  Zealot x8  
  154  12:49  Probe  
  154  12:50  Probe  
  156  12:55  Robotics Facility  
  156  12:56  Stalker x6  
  156  12:58  Pylon  
  168  12:59  Probe x2  
  170  13:09  Colossus (Chrono Boost)  
  170  13:11  Probe  
  177  13:15  Probe  
  170  13:25  Zealot x7  
  176  13:45  Archon  
  144  13:56  High Templar  
  144  13:57  High Templar x3  
  144  13:58  Stalker x4  
Tags
 
Add a new tag
Caveats
  • Supply blocks, unpowered buildings, or Contaminate may cause inaccurate times.
  • Supply counts are checked every 10 seconds.